 Dungeon Crawl Stone Soup version 0.21.1-1-g345015f (webtiles) character file.

22 Vasilisck the Charmwright (level 2, -1/26 HPs)
             Began as a Gnoll Skald on Apr 5, 2018.
             Slain by a worm (11 damage)
             ... on level 2 of the Dungeon.
             The game lasted 00:03:38 (703 turns).

Vasilisck the Charmwright (Gnoll Skald)              Turns: 703, Time: 00:03:38

Health: -1/26      AC:  3    Str: 13    XL:     2   Next: 91%
Magic:  5/7        EV: 14    Int: 15    God:
Gold:   34         SH:  0    Dex: 14    Spells: 9/10 levels left

rFire    . . .     SeeInvis .   a - +0 hand axe
rCold    . . .     Gourm    .   (no shield)
rNeg     . . .     Faith    .   b - +0 leather armour
rPois    .         Spirit   .   (no helmet)
rElec    .         Reflect  .   (no cloak)
rCorr    .         Harm     .   (no gloves)
MR       .....                  (no boots)
Stlth    +.........             (no amulet)
HPRegen  0.08/turn              (no ring)
MPRegen  0.10/turn              (no ring)

@: infused
A: distributed training, fangs 1, strong nose
a: no special abilities


You were on level 2 of the Dungeon.
You were not hungry.

You visited 1 branch of the dungeon, and saw 2 of its levels.

You collected 34 gold pieces.

Inventory:

Hand Weapons
 a - a +0 hand axe (weapon)
Armour
 b - a +0 leather armour (worn)
Scrolls
 f - a scroll of teleportation {unknown}
Potions
 e - 2 potions of curing
 g - a potion of cancellation
 h - 2 potions of agility {unknown}
 i - a potion of brilliance
 k - a potion of heal wounds
 l - a potion of flight {unknown}
Books
 c - a book of Battle

   Spells                             Type                      Level
   a - Infusion                       Charms                       1
   b - Shroud of Golubria             Charms/Translocation         2
   c - Song of Slaying                Charms                       2
   d - Spectral Weapon                Hexes/Charms                 3
   e - Regeneration                   Charms/Necromancy            3
Comestibles
 d - a ration


   Skills:
 + Level 4.5 Fighting
 + Level 0.5 Short Blades
 + Level 0.5 Long Blades
 + Level 4.5 Axes
 + Level 0.5 Maces & Flails
 + Level 0.5 Polearms
 + Level 0.5 Staves
 + Level 0.5 Slings
 + Level 0.5 Bows
 + Level 0.5 Crossbows
 + Level 0.5 Throwing
 + Level 2.5 Armour
 + Level 4.5 Dodging
 + Level 0.5 Stealth
 + Level 0.5 Shields
 + Level 0.5 Unarmed Combat
 + Level 4.9 Spellcasting
 + Level 0.4 Conjurations
 + Level 0.4 Hexes
 + Level 5.4 Charms
 + Level 0.4 Summonings
 + Level 0.4 Necromancy
 + Level 0.4 Translocations
 + Level 0.4 Transmutations
 + Level 0.4 Fire Magic
 + Level 0.4 Ice Magic
 + Level 0.4 Air Magic
 + Level 0.4 Earth Magic
 + Level 0.4 Poison Magic
 + Level 0.7 Invocations
 + Level 0.5 Evocations


You had 9 spell levels left.
You knew the following spells:

 Your Spells              Type           Power        Failure   Level  Hunger
a - Infusion              Chrm           ###.         2%          1    None


Dungeon Overview and Level Annotations

Branches:
Dungeon (2/15)

Altars:


Innate Abilities, Weirdness & Mutations

Your experience applies equally to all skills.
You have very sharp teeth.
Your uncanny sense of smell can sniff out nearby items.


Message History

You kill the adder!
* * * LOW HITPOINT WARNING * * *
You feel sick.
You feel better.
Sorry, you're not good enough to have a special ability.
Casting: Infusion
Confirm with . or Enter, or press ? or * to list all spells.
You begin infusing your attacks with magical energy.
The gnoll misses you.
You barely miss the worm. The worm barely misses you.
The gnoll closely misses you.
You barely miss the worm. You bite the worm.
The worm is lightly wounded.
The worm closely misses you. The gnoll closely misses you.
You barely miss the worm.
The worm is lightly wounded.
You hit the worm. You bite the worm.
The worm is moderately wounded.
The gnoll barely misses you. The worm bites you!
You die...

#..# ..# ######..#
#..# ..# ......!.#
#..# #.# ########.#
#..######.#
#........#
#...†.....#
#.########
###.######.# #.#
...........# #.#
....######.#######g#
##### #..)...@w.# #
########### #


You could see a worm and a gnoll.

Vanquished Creatures
  An adder (D:2)
  A goblin (D:2)
  5 jackals (D:1)
  5 bats (D:1)
  A frilled lizard (D:1)
13 creatures vanquished.

Notes
Turn   | Place    | Note
-------+----------+-------------------------------------------
     0 | D:1      | Vasilisck the Gnoll Skald began the quest for the Orb.
     0 | D:1      | Reached XP level 1. HP: 20/20 MP: 6/6
   125 | D:1      | Reached XP level 2. HP: 26/26 MP: 7/7
   697 | D:2      | HP: 1/26 [poisoned by an adder]
   703 | D:2      | Slain by a worm

Action                   || total
-------------------------++-------
Melee: Hand axe          ||    47
       Bite              ||     5
 Cast: Infusion          ||     8
  Use: Scroll            ||     5
       Potion            ||     5
Armor: Leather armour    ||    16
Dodge: Dodged            ||    61
